 Dungeon Crawl Stone Soup version 0.30.1-4-g462c640d31 (webtiles) character file.

Game seed: 12956249799458494363

100 Wiggles the Chopper (level 4, -2/41 HPs)
             Began as a Minotaur Berserker on Sept 15, 2023.
             Was a Believer of Trog.
             Slain by an iron imp (7 damage)
             ... summoned by Eustachio
             ... on level 4 of the Dungeon.
             The game lasted 00:03:48 (2176 turns).

Wiggles the Chopper (Minotaur Berserker)            Turns: 2176, Time: 00:03:48

Health: -2/41      AC:  5    Str: 24      XL:     4   Next: 47%
Magic:  3/3        EV: 12    Int:  4      God:    Trog [**....]
Gold:   145        SH:  0    Dex: 13 (15) Spells: 3/3 levels left

rFire   . . .        a - +0 hand axe
rCold   . . .        (no shield)
rNeg    . . .        i - +0 ring mail
rPois   .            (helmet restricted)
rElec   .            (no cloak)
rCorr   .            (no gloves)
SInv    .            (no boots)
Will    .....        f - amulet of regeneration
Stlth   +            r - +6 ring of dexterity
HPRegen 1.06/turn    (no ring)
MPRegen 0.08/turn

%: no passive effects
@: on berserk cooldown, slowed, very slow
A: horns 2, retaliatory headbutt
a: Renounce Religion, Berserk, Trog's Hand


You were on level 4 of the Dungeon.
You worshipped Trog.
Trog was pleased with you.
You visited 1 branch of the dungeon, and saw 4 of its levels.

You collected 145 gold pieces.

Inventory:

Hand Weapons
 a - a +0 hand axe (weapon)
Armour
 i - a +0 ring mail (worn)
Jewellery
 b - a ring of protection from cold
 d - an amulet of reflection
 f - an amulet of regeneration (around neck)
 r - a +6 ring of dexterity (left hand)
Wands
 h - a wand of roots (13)
 m - a wand of mindburst (20)
Scrolls
 c - 4 scrolls of identify {unknown}
 g - a scroll of immolation {unknown}
 j - a scroll of silence {unknown}
 l - a scroll of teleportation {unknown}
 n - a scroll of fear {unknown}
 o - 2 scrolls of noise {unknown}
Potions
 e - 4 potions of curing {unknown}
 k - a potion of heal wounds {unknown}
 p - a potion of might {unknown}
 q - a potion of cancellation {unknown}


   Skills:
 + Level 4.6 Fighting
 + Level 5.1 Axes
 + Level 2.8 Armour
 + Level 2.8 Dodging


You had 3 spell levels left.
You didn't know any spells.
Your spell library was empty.

Dungeon Overview and Level Annotations

Branches:
Dungeon (4/15)
 Temple: D:4-7

Altars:

Shops:
D:1 [[=   D:2 [:[

Annotations:
D:4 Eustachio


Innate Abilities, Weirdness & Mutations

You have a pair of horns on your head.
You reflexively headbutt those who attack you in melee.


Message History

Eustachio casts a spell.
Eustachio misses you.
You hit Eustachio.
Eustachio is almost dead.
You hit the quasit but do no damage. The quasit completely misses you.
The quasit misses you. The quasit completely misses you.
Eustachio hits you but does no damage. The ufetubus closely misses you.
The ufetubus hits you but does no damage.
The quasit bites you.
* * * LOW HITPOINT WARNING * * *
The quasit claws you but does no damage.
The quasit claws you.
* * * LOW HITPOINT WARNING * * *
You feel clumsy.
You barely miss Eustachio.
Eustachio is almost dead.
You hit the quasit. You closely miss the ufetubus.
You hit the iron imp but do no damage.
The ufetubus hits you but does no damage.
The ufetubus misses you. The quasit barely misses you.
The quasit claws you but does no damage.
The quasit closely misses you. Eustachio misses you. The ufetubus hits you.
* * * LOW HITPOINT WARNING * * *
The ufetubus hits you but does no damage.
The iron imp hits you.
* * * LOW HITPOINT WARNING * * *
The quasit bites you but does no damage.
The quasit closely misses you.
The quasit claws you but does no damage.
Eustachio misses you.
You closely miss Eustachio.
Eustachio is almost dead.
You barely miss the quasit. You hit the ufetubus.
You hit the iron imp but do no damage. The ufetubus barely misses you.
The ufetubus closely misses you. The quasit misses you.
The quasit claws you but does no damage.
The quasit closely misses you. The ufetubus hits you.
* * * LOW HITPOINT WARNING * * *
The ufetubus closely misses you. The iron imp hits you!
You die...

#.#. #.# .#.##.#
...... ....# ...#
# ..#+#####.# .
#@5........ ..
+@5.......#
#..###5.........
#.?....†.......
####...........
######)..####+###
+...............
##....[$.....##
+...........#
#<..........#


You could see Eustachio, an iron imp (summoned), a quasit (summoned) and an
ufetubus (summoned).

Vanquished Creatures
  4 adders
  3 worms (D:2)
  A dart slug (D:1)
  2 orcs (D:3)
  2 ball pythons (D:1)
  7 endoplasms
  2 giant cockroaches
  2 goblins
  6 hobgoblins
  2 jackals (D:1)
  5 quokkas
  4 bats
  2 frilled lizards (D:3)
  4 kobolds
  2 rats
48 creatures vanquished.

Notes
Turn   | Place    | Note
-------+----------+-------------------------------------------
     0 | D:1      | Wiggles the Minotaur Berserker began the quest for the Orb.
     0 | D:1      | Reached XP level 1. HP: 19/19 MP: 0/0
   103 | D:1      | Found Raazyhue's Jewellery Shop.
   128 | D:1      | Found Mejifen's Armour Shoppe.
   133 | D:1      | Reached XP level 2. HP: 27/27 MP: 1/1
   232 | D:1      | Reached skill level 4 in Axes
   273 | D:1      | Found Wyurepn's Armour Emporium.
   532 | D:2      | Reached ** piety under Trog
   533 | D:2      | Reached XP level 3. HP: 30/33 MP: 2/2
   555 | D:2      | Found Miyqoaro's Antique Armour Shop.
   841 | D:2      | Found Uxos's Book Boutique.
   874 | D:2      | Found Juacaygack's Armour Emporium.
  1228 | D:2      | Found a faded altar of an unknown god.
  1420 | D:3      | Reached XP level 4. HP: 41/41 MP: 3/3
  1431 | D:3      | Reached skill level 5 in Axes
  2156 | D:4      | Noticed Eustachio
  2176 | D:4      | Slain by an iron imp

Illustrated notes

Levels and vault maps discovered:
D:1:      dpeg_arrival_castle, layout_rooms, serial_shops, shop, shop, shop
D:2:      layout_basic, serial_shops, shop, nicolae_shop_tiny_statue_garden,
          shop, shapermc_ecumenical_altar_notcrosses
D:3:      layout_basic, serial_rivers, chequers_serial_rivers_room_a,
          chequers_serial_rivers_large_b, chequers_serial_rivers_small_3,
          chequers_serial_rivers_large_a
D:4:      layout_basic, biasface_ghost_orc_armoury, serial_shops, shop,
          minmay_misc_feat_x, minmay_distorted, uniq_eustachio, uniq_sigmund

Skill      XL: |  1  2  3  4 |
---------------+-------------+-----
Fighting       | 4 |  4.6
Axes           | 4 5 |  5.1
Armour         | |  2.8
Dodging        | |  2.8

Action                     |  1- 3 |  4- 6 || total
---------------------------+-------+-------++-------
  Melee: Hand axe          |    83 |    46 ||   129
         Headbutt          |    10 |     5 ||    15
         Punch             |     1 |       ||     1
 Invoke: Berserk           |     1 |     1 ||     2
 Armour: Animal skin       |     8 |       ||     8
         Ring mail         |     7 |    41 ||    48
  Dodge: Dodged            |    42 |    45 ||    87
  Block: Other             |     1 |       ||     1
